 Dungeon Crawl Stone Soup version 0.31-a0-233-g139696dc86 (webtiles) character file.

Game seed: 18356059117511124977

93 qw the Shooter (level 4, -4/26 HPs)
             Began as a Gargoyle Hexslinger on July 8, 2023.
             Constricted to death by Ijyb (8 damage)
             ... on level 3 of the Dungeon.
             The game lasted 00:00:35 (1390 turns).

qw the Shooter (Gargoyle Hexslinger)                Turns: 1390, Time: 00:00:35

Health: -4/26      AC:  9    Str: 12    XL:     4   Next: 62%
Magic:  5/5        EV:  8    Int: 13    God:
Gold:   121        SH:  0    Dex: 20    Spells: 4/5 levels left

rFire   . . .        Y - +1 sling (chaos)
rCold   . . .        (no shield)
rNeg    + . .        e - +0 ring mail
rPois   inf          l - +0 helmet
rElec   +            (no cloak)
rCorr   .            (no gloves)
SInv    .            (no boots)
Will    .....        (no amulet)
Stlth   +            g - +6 ring of dexterity
HPRegen 0.24/turn    (no ring)
MPRegen 0.09/turn

%: no passive effects
@: grasped by roots, constricted
A: sickness immunity, AC +3, negative energy resistance 1, electricity
resistance, torment resistance 1, petrification resistance
a: no special abilities


You were on level 3 of the Dungeon.
You visited 1 branch of the dungeon, and saw 3 of its levels.

You collected 121 gold pieces.


Innate Abilities, Weirdness & Mutations

You are immune to sickness and miasma.
Your stone body is resilient. (AC +3)
You are immune to poison.
You resist negative energy. (rN+)
You are resistant to electric shocks. (rElec)
You are resistant to unholy torment.
You are immune to petrification.


   Skills:
 - Level 2.2 Fighting
 - Level 4.2 Ranged Weapons
 + Level 0.3 Armour
 - Level 1.5 Dodging
 - Level 1.0 Spellcasting
 - Level 2.6 Hexes


You had 4 spell levels left.
You knew the following spells:

 Your Spells              Type           Power      Damage    Failure   Level
a - Slow                  Hex            28%        N/A       22%         1

Your spell library contained the following spells:

 Spells                   Type           Power      Damage    Failure   Level
 Inner Flame              Hex/Fire       4%         N/A       73%         3
 Portal Projectile        Hex/Tloc       8%         N/A       73%         3
 Cause Fear               Hex            3%         N/A       91%         4

Inventory:

Hand Weapons
 Y - a +1 sling of chaos (weapon)
Armour
 a - a +1 pair of gloves
 e - a +0 ring mail (worn)
 l - a +0 helmet (worn)
Jewellery
 g - a +6 ring of dexterity (left hand)
Scrolls
 h - a scroll of identify
Potions
 b - a potion of curing
 f - a potion of lignification {unknown}
 i - a potion of berserk rage {unknown}
 j - a potion of brilliance {unknown}

Dungeon Overview and Level Annotations

Branches:
Dungeon (3/15)

Altars:
Vehumet

Annotations:
D:3 Ijyb


Message History

The sling bullet hits the jackal.
The jackal is severely wounded.
A jackal comes into view.
Ijyb the Twisted Goblin comes into view.
She is wielding a +0 dagger and carrying a wand of roots (9).
You shoot a sling bullet. The jackal barks!
The sling bullet hits the jackal.
The jackal is almost dead.
The jackal bites you but does no damage.
You shoot a sling bullet.
The sling bullet closely misses the jackal.
The sling bullet hits the jackal!
You kill the jackal!
The jackal closely misses you.
The jackal bites you but does no damage.
Ijyb zaps a wand.
The roots erupt in riotous growth!
The jackal is unaffected. x2
The grasping roots grab you! The grasping roots constrict you.
The jackal bites you but does no damage.
The jackal bites you.
You shoot a sling bullet. The sling bullet hits the jackal.
You kill the jackal!
The jackal bites you but does no damage.
The grasping roots constrict you. The jackal closely misses you.
The grasping roots constrict you.
The grasping roots release their grip on you.
You shoot a sling bullet.
The sling bullet closely misses the jackal.
The jackal bites you.
An ice beast comes into view.
Ijyb zaps a wand.
The roots erupt in riotous growth!
The grasping roots grab you!
The jackal is unaffected.
The grasping roots constrict you.
You shoot a sling bullet. The sling bullet hits the jackal!
You kill the jackal!
The grasping roots constrict you.
You shoot a sling bullet.
The sling bullet hits Ijyb but does no damage.
The grasping roots constrict you. The grasping roots constrict you!
You die...

###########
# .........
> #......#
#. #......#
#########.
#......#
#.......#.
####......##
#.#####.#.
#....%@....#
#.####....
#....g##...#
#....#..#.
#..... #...#
####.#./#.
#..... #...#
####.#....
......Y
#...#
#.........
.......
#...#
#.###..##.
.......
#...###.#
#.....
.#.....
####....#
#.###.
#.#### #..
#.


You could see an ice beast and Ijyb.

Vanquished Creatures
  Robin (D:2)
  3 adders (D:2)
  A worm (D:2)
  A dart slug (D:1)
  2 bats
  2 endoplasms (D:2)
  2 giant cockroaches
  10 goblins
  7 hobgoblins
  6 jackals
  2 quokkas (D:1)
  3 frilled lizards
  A kobold (D:1)
  6 rats
47 creatures vanquished.

Notes
Turn   | Place    | Note
-------+----------+-------------------------------------------
     0 | D:1      | qw the Gargoyle Hexslinger began the quest for the Orb.
     0 | D:1      | Reached XP level 1. HP: 12/12 MP: 2/2
     0 | D:1      | 0 ||| qw: Version: 0.3-a-46-gb1f654a
     0 | D:1      | 0 ||| qw: Game counter: 3666
     0 | D:1      | 0 ||| qw: Melee chars always use a shield: true
     0 | D:1      | 0 ||| qw: God list: Okawaru
     0 | D:1      | 0 ||| qw: Allow faded altars: false
     0 | D:1      | 0 ||| qw: Do Orc after clearing Dungeon:15 true
     0 | D:1      | 0 ||| qw: Do second Lair branch before Depths: true
     0 | D:1      | 0 ||| qw: Lair rune preference: random
     0 | D:1      | 0 ||| qw: Goals: Normal
     0 | D:1      | 0 ||| PLANNING D:1-11
    34 | D:1      | 34 ||| FLEEEEING.
    35 | D:1      | 35 ||| FLEEEEING.
    44 | D:1      | Reached XP level 2. HP: 14/16 MP: 3/3
   140 | D:1      | Reached skill level 3 in Ranged Weapons
   487 | D:1      | 487 ||| UPGRADING to +6 ring of dexterity.
   488 | D:1      | 488 ||| READING 2 scrolls labelled QUKLYE GU AVVUNE.
   489 | D:1      | 489 ||| READING scroll labelled OLIUTR LIDI.
   490 | D:1      | 490 ||| READING 2 scrolls labelled SYITTUDUMN.
   494 | D:1      | 494 ||| DROPPING scroll of amnesia.
   495 | D:1      | 495 ||| DROPPING scroll of poison.
   583 | D:2      | Reached XP level 3. HP: 18/21 MP: 4/4
   631 | D:2      | Noticed Robin
   644 | D:2      | HP: 5/21 [goblin/+0 club[Robin] (3)]
   645 | D:2      | 645 ||| READING scroll of teleportation.
   649 | D:2      | Killed Robin
   742 | D:2      | Found a radiant altar of Vehumet.
   894 | D:2      | Reached XP level 4. HP: 25/26 MP: 5/5
   907 | D:2      | Reached skill level 4 in Ranged Weapons
  1246 | D:2      | 1246 ||| UPGRADING to +0 ring mail.
  1256 | D:2      | 1256 ||| DROPPING +0 robe.
  1257 | D:2      | 1257 ||| UPGRADING to +0 helmet.
  1262 | D:2      | 1262 ||| READING scroll labelled DAITOWK WOIDIR.
  1263 | D:2      | 1263 ||| READING scroll labelled MOEGGO SONUAW.
  1264 | D:2      | 1264 ||| READING scroll labelled HOUMOTA ODYLE.
  1265 | D:2      | 1265 ||| DRINKING 2 sedimented white potions.
  1384 | D:3      | Noticed Ijyb
  1388 | D:3      | Noticed an ice beast
  1389 | D:3      | HP: 5/26 [constriction (4)]
  1390 | D:3      | Constricted to death by Ijyb

Levels and vault maps discovered:
D:1:      shiori_shiawase, layout_rooms
D:2:      layout_loops_ring, basic_altar, nicolae_twisty_statue_hallways,
          uniq_robin
D:3:      layout_basic, uniq_ijyb, uniq_crazy_yiuf_cottage

Skill      XL: |  1  2  3  4 |
---------------+-------------+-----
Ranged Weapons | 3 4 |  4.2
Fighting       | 2 |  2.2
Armour         | |  0.3
Dodging        | |  1.5
Spellcasting   | |  1.0
Hexes          | |  2.6

Action                     |  1- 3 |  4- 6 || total
---------------------------+-------+-------++-------
   Fire: Sling             |   104 |    35 ||   139
    Use: Scroll            |     4 |     3 ||     7
         Potion            |       |     1 ||     1
 Armour: Robe              |    16 |     4 ||    20
         Ring mail         |       |     4 ||     4
  Dodge: Dodged            |    34 |     5 ||    39

Table legend:
 A = Non-vault XP
 B = Vault XP
 C = Vault XP percentage of total XP
 D = Non-vault monster count
 E = Vault monster count
 F = Vault count percentage of total count
                 A         B        C        D         E       F
            +---------+---------+-------+---------+---------+-------
      Total |     100 |      34 |  25.4 |      36 |      11 |  23.4
            +---------+---------+-------+---------+---------+-------
        D:1 |      24 |       0 |   0.0 |      13 |       0 |   0.0
        D:2 |      70 |      34 |  32.7 |      20 |      11 |  35.5
        D:3 |       6 |       0 |   0.0 |       3 |       0 |   0.0
            +---------+---------+-------+---------+---------+-------
